Map: Frozen Temple

Players

Miszu

  • Race: Terran Terran
  • League: Master

TheMusZero - Winner!

  • Race: Protoss Protoss
  • League: Master

VOD

Have the link to the VOD?

Description

Time

  • Played on: May 2, 2016, 9:59 a.m.
  • Length: 6:36
Show
View Real Time Build Order
Export as new Build Order

Miszu Terran 

Build Orders:  

Get SALT Encoding   

  12  0:00  SCV  
  13  0:13  SCV  
  14  0:20  Supply Depot  
  14  0:25  SCV  
  15  0:41  SCV  
  15  0:42  Barracks  
  16  0:51  Refinery  
  16  0:53  SCV  
  17  1:06  SCV  
  17  1:11  Engineering Bay  
  18  1:29  Marine, Orbital Command  
  19  1:42  Command Center  
  19  1:47  Marine  
  20  1:55  SCV  
  21  2:05  Supply Depot, Marine  
  21  2:07  SCV  
  23  2:18  Barracks  
  23  2:19  Barracks  
  23  2:27  Marine, SCV  
  25  2:42  Bunker  
  25  2:45  Marine  
  26  2:57  Refinery, SCV  
  27  2:59  Orbital Command  
  27  3:02  Marine  
  28  3:06  Missile Turret  
  28  3:12  SCV  
  29  3:15  Missile Turret  
  29  3:22  Marine  
  29  3:23  Marine  
  29  3:24  SCV  
  32  3:31  SCV  
  32  3:33  Barracks Tech Lab  
  33  3:36  SCV  
  33  3:39  Marine  
  35  3:42  Supply Depot  
  35  3:43  SCV  
  35  3:45  Marine  
  35  3:46  Refinery  
  35  3:48  SCV  
  38  3:54  Marauder  
  38  3:55  SCV  
  41  4:01  SCV  
  42  4:04  Supply Depot  
  42  4:07  Marine x2, SCV  
  45  4:14  Barracks  
  45  4:15  Barracks  
  45  4:18  Stimpack  
  45  4:19  Marine  
  46  4:24  Marine  
  46  4:30  SCV x2  
  49  4:32  Bunker  
  49  4:35  Marine  
  49  4:37  Marauder  
  52  4:42  Marine  
  52  4:43  Supply Depot, SCV  
  52  4:45  SCV  
  53  4:55  SCV  
  39  5:07  Marine x4, Marauder  
  41  5:19  Orbital Command  
  37  5:24  Marine  
  37  5:25  Marine x3  
  37  5:28  Marine  
  37  5:47  Marine  
  38  5:57  Marine x2  
  38  5:59  Marine  
  38  6:01  Marine  
  42  6:07  Marine  
  43  6:15  Factory, Marine  
Show
View Real Time Build Order
Export as new Build Order

TheMusZero Protoss - Winner!

Build Orders:  

Get SALT Encoding   

  12  0:01  Probe (Chrono Boost)  
  13  0:11  Probe (Chrono Boost)  
  14  0:17  Pylon  
  14  0:22  Probe (Chrono Boost)  
  16  0:35  Probe (Chrono Boost)  
  16  0:41  Gateway  
  16  0:46  Probe (Chrono Boost)  
  17  0:50  Assimilator  
  17  0:56  Probe (Chrono Boost)  
  18  0:59  Pylon  
  18  1:07  Assimilator, Probe (Chrono Boost)  
  19  1:19  Gateway  
  19  1:26  Probe (Chrono Boost)  
  20  1:34  Cybernetics Core  
  20  1:37  Probe (Chrono Boost)  
  21  1:50  Probe (Chrono Boost)  
  22  2:01  Probe (Chrono Boost)  
  23  2:12  Mothership Core (Chrono Boost)  
  23  2:13  Stalker (Chrono Boost)  
  27  2:19  Warp Gate (Chrono Boost)  
  27  2:20  Stalker (Chrono Boost)  
  29  2:27  Pylon  
  29  2:28  Pylon  
  29  2:40  Stalker (Chrono Boost)  
  33  3:01  Stalker (Chrono Boost)  
  33  3:03  Pylon  
  33  3:07  Pylon  
  33  3:21  Robotics Facility, Stalker (Chrono Boost)  
  35  3:30  Stalker  
  37  3:37  Gateway  
  37  4:09  Immortal (Chrono Boost)  
  41  4:16  Pylon  
  41  4:21  Stalker x2  
  45  4:29  Pylon  
  45  4:44  Immortal (Chrono Boost)  
  49  4:58  Stalker x2  
  47  5:03  Zealot  
  44  5:24  Immortal (Chrono Boost)  
  48  5:31  Zealot  
  48  5:32  Zealot  
  46  5:53  Adept  
  46  5:54  Adept  
  46  5:55  Adept  
  52  5:57  Observer (Chrono Boost)  
  52  6:02  Mothership Core (Chrono Boost)  
  55  6:15  Adept x2  
  55  6:17  Adept  
Tags
 
Add a new tag
Caveats
  • Supply blocks, unpowered buildings, or Contaminate may cause inaccurate times.
  • Supply counts are checked every 10 seconds.